 Dungeon Crawl Stone Soup version 0.27-a0-1359-ga2a4dfd6fd (webtiles) character file.

Game seed: 15858109016280263755

45 Brandom the Gusty (level 3, 0/20 HPs)
             Began as a Tengu Air Elementalist on June 27, 2021.
             Was a Follower of Jiyva.
             Slain by an adder (1 damage)
             ... on level 2 of the Dungeon on June 28, 2021.
             The game lasted 00:09:55 (2470 turns).

Brandom the Gusty (Tengu Air Elementalist)          Turns: 2470, Time: 00:09:56

Health: 0/20       AC:  2    Str:  8    XL:     3   Next: 64%
Magic:  5/7        EV: 12    Int: 17    God:    Jiyva [*.....]
Gold:   24         SH:  0    Dex: 13    Spells: 3/6 levels left

rFire    . . .     SeeInvis .   b - +0 hand axe
rCold    . . .     Faith    .   (no shield)
rNeg     . . .     Spirit   .   a - +0 robe
rPois    .         Reflect  .   (helmet restricted)
rElec    .         Harm     .   (no cloak)
rCorr    .         Rampage  .   (no gloves)
Will     .....                  (boots unavailable)
Stlth    ++........             (no amulet)
HPRegen  0.06/turn              (no ring)
MPRegen  0.10/turn              (no ring)

@: lethally poisoned (0 -> -4)
A: beak, talons 3
a: Renounce Religion, Request Jelly


You were on level 2 of the Dungeon.
You worshipped Jiyva.
Jiyva was aware of your devotion.
You visited 1 branch of the dungeon, and saw 3 of its levels.

You collected 24 gold pieces.

Inventory:

Hand Weapons
 b - a +0 hand axe (weapon)
   (You found it on level 1 of the Dungeon)
Armour
 a - a +0 robe (worn)
Scrolls
 c - 2 scrolls of identify {unknown}
 e - a scroll of enchant weapon {unknown}
 f - a scroll of enchant armour {unknown}
 g - a scroll of teleportation {unknown}


   Skills:
 * Level 1.6 Fighting
 + Level 2.7 Dodging
 - Level 2.0 Stealth
 + Level 2.3 Spellcasting
 + Level 2.0 Conjurations
 + Level 4.3 Air Magic


You had 3 spell levels left.
You knew the following spells:

 Your Spells              Type           Power      Damage    Failure   Level
a - Shock                 Conj/Air       48%        1d6       4%          1
b - Static Discharge      Conj/Air       12%        N/A       8%          2

Your spell library contained the following spells:

 Spells                   Type           Power      Damage    Failure   Level
 Swiftness                Air            16%        N/A       10%         3
 Airstrike                Air            8%         N/A       32%         4
 Lightning Bolt           Conj/Air       6%         1d18      80%         5


Dungeon Overview and Level Annotations

Branches:
Dungeon (3/15)

Altars:
Elyvilon
Jiyva


Innate Abilities, Weirdness & Mutations

You have a beak for a mouth.
You have claws for feet.


Message History

Aim: an adder (heavily wounded, 48% to hit)
The zap hits the orc.
The zap hits the adder.
The orc hits you with a +0 morningstar. The orc closely misses you.
You climb upwards.
There is a stone staircase leading down here.
You don't know that spell.
Aim: an orc, wielding a +0 short sword (moderately wounded, 68% to hit)
The zap hits the orc.
You kill the orc!
You hear a slurping noise.
Jiyva appreciates your sacrifice.
You start resting.
You climb downwards.
A hobgoblin comes into view.
The adder closely misses you. The orc completely misses you.
The adder bites you.
There is a stone staircase leading up, spattered with blood here.
The orc barely misses you. x2; The adder misses you.
You climb upwards.
There is a stone staircase leading down here.
Really attack the jelly?
This attack would place you under penance!
Okay, then.
Unknown command.
The orc closely misses you. x2
The orc closely misses you. The adder bites you.
You are poisoned.
The adder poisons you!
Aim: an orc, wielding a +0 flail (68% to hit)
Okay, then.
You feel sick.
Aim: an orc, wielding a +0 morningstar (lightly wounded, 68% to hit)
The zap hits the adder.
The zap hits the orc.
You feel sick. The adder bites you.
* * * LOW HITPOINT WARNING * * *
You are lethally poisoned!
The adder poisons you!
It was a potion of cancellation.
You feel magically purged.
* * * LOW HITPOINT WARNING * * *
You feel sick. The adder bites you.
* * * LOW HITPOINT WARNING * * *
The adder closely misses you.
Okay, then.
Aim: an orc, wielding a +0 morningstar (severely wounded, 68% to hit)
The zap hits the adder.
The zap hits the orc. x2
You kill the orc!
* * * LOW HITPOINT WARNING * * *
You feel sick. The adder bites you.
You die...

....................#.##........#
....#......#..####....##........#
...............####..###........#
.................###.###........#
..............##.##...J.........#
.................##.......#######
.......##..##.##.##.......#
...........##.##.##.......#
................@So)>.....#
..#..............##.......#######
..#........##.#####..............
......#######.### #..............
.####.# #.......# #..............
.J.##.# #.......# #..............
J####.# #.......# #..............
....#.# #.......# ####...........
.##.#.#######.########...........


You could see an adder and an orc.

Vanquished Creatures
  A worm (D:1)
  A dart slug (D:1)
  3 orcs
  4 endoplasms (D:1)
  2 giant cockroaches
  5 goblins
  A hobgoblin (D:1)
  2 jackals (D:1)
  5 kobolds (D:1)
  2 ball pythons (D:1)
  3 bats
  2 frilled lizards (D:1)
  4 rats (D:1)
35 creatures vanquished.

Vanquished Creatures (others)
  A hobgoblin (D:2)
1 creature vanquished.

Grand Total: 36 creatures vanquished

Notes
Turn   | Place    | Note
-------+----------+-------------------------------------------
     0 | D:1      | Brandom the Tengu Air Elementalist began the quest for the
                  | Orb.
     0 | D:1      | Reached XP level 1. HP: 10/10 MP: 4/4
    26 | D:1      | Upgraded the game from 0.27-a0-1347-gd8886f0a89 to
                  | 0.27-a0-1359-ga2a4dfd6fd
   241 | D:1      | Reached XP level 2. HP: 16/16 MP: 1/6
   437 | D:1      | Reached skill level 1 in Fighting
   778 | D:1      | Reached XP level 3. HP: 20/20 MP: 5/7
   885 | D:1      | Found a faded altar of an unknown god.
   921 | D:1      | Became a worshipper of Jiyva Jadean the Shapeless
   921 | D:1      | Reached * piety under Jiyva
  1442 | D:2      | Learned a level 2 spell: Static Discharge
  1741 | D:2      | Found a white marble altar of Elyvilon.
  2136 | D:2      | Found a white marble altar of Elyvilon.
  2470 | D:2      | HP: 1/20 [poisoned by an adder]
  2470 | D:2      | Slain by an adder

Illustrated notes

Levels and vault maps discovered:
D:1:      dpeg_arrival_brainrot, layout_basic, ebering_ecumenical_altar_mist,
          hangedman_feature_mirror, chequers_serial_rivers_large_a
D:2:      layout_basic, basic_altar
D:3:      layout_loops_ring, nicolae_qazlal_scattered_showers, minitemple

Skill      XL: |  1  2  3 |
---------------+----------+-----
Fighting       | 1 |  1.6
Conjurations   | 2 |  2.0
Dodging        | |  2.7
Stealth        | |  2.0
Spellcasting   | |  2.3
Air Magic      | |  4.3

Action                   || total
-------------------------++-------
Melee: Hand axe          ||     3
 Cast: Shock             ||    83
  Use: Potion            ||     1
Dodge: Dodged            ||    17

Table legend: (Time is in decaauts)
 A = Elapsed time spent in this place.
 B = Non-inter-level travel time spent in this place.
 C = Inter-level travel time spent in this place.
 D = Time resting spent in this place.
 E = Time spent auto-exploring this place.
 F = Levels seen in this place.
 G = Mean time per level.
                   A        B        C        D        E       F      G
               +--------+--------+--------+--------+--------+-----+--------+
         Total |   2483 |   2436 |     47 |    291 |   1915 |   3 |  827.7 |
       Dungeon |   2483 |   2436 |     47 |    291 |   1915 |   3 |  827.7 |
               +--------+--------+--------+--------+--------+-----+--------+

Top non-repeatable levels by time:
     D:1: 1449 daAuts
     D:2: 1026 daAuts
     D:3: 7 daAuts
